 Dungeon Crawl Stone Soup version 0.28.0-47-ge53b351184 (webtiles) character file.

Game seed: 8235706364688846567

8512 Peloso the Protected (level 11, -9/94 HPs)
             Began as a Minotaur Fighter on May 10, 2022.
             Was an Elder of Okawaru.
             Mangled by Snorg (24 damage)
             ... on level 10 of the Dungeon.
             The game lasted 00:24:52 (11314 turns).

Peloso the Protected (Minotaur Fighter)            Turns: 11314, Time: 00:24:53

Health: -9/94      AC: 20    Str: 27    XL:     11   Next: 10%
Magic:  8/10       EV: 11    Int:  5    God:    Okawaru [****..]
Gold:   233        SH:  7    Dex: 15    Spells: 10/10 levels left

rFire   . . .      SeeInvis .   f - +10 whip of Qoamo {elec, Fly rElec Str+4}
rCold   . . .      Faith    .   m - +0 buckler
rNeg    . . .      Spirit   .   x - +0 plate armour
rPois   +          Reflect  .   (helmet restricted)
rElec   +          Harm     .   q - +0 cloak
rCorr   .          Rampage  .   u - +0 pair of gloves {Dex+3}
Will    .....                   (no boots)
Stlth   ..........              (no amulet)
HPRegen 0.25/turn               r - ring of poison resistance
MPRegen 0.12/turn               (no ring)

@: heroic, flying
A: horns 2, retaliatory headbutt
a: Renounce Religion, Heroism, Finesse


You were on level 10 of the Dungeon.
You worshipped Okawaru.
Okawaru was greatly pleased with you.
You visited 1 branch of the dungeon, and saw 10 of its levels.

You collected 489 gold pieces.
You spent 256 gold pieces at shops.

Inventory:

Hand Weapons
 a - a +1 long sword of flaming
 b - a +2 long sword of freezing
 c - a +3 long sword
 f - the +10 whip of Qoamo (weapon) {elec, Fly rElec Str+4}
   (You found it on level 3 of the Dungeon)

   It occasionally discharges a powerful burst of electricity upon striking a
   foe.
   Str:       It affects your strength (+4).
   rElec:     It insulates you from electricity.
   Fly:       It grants you flight.
 B - the +9 hunting sling of Pinisaim {flame, rN+ Dex+4}
   (You found it on level 6 of the Dungeon)

   Any ammunition fired from it burns those it strikes, dealing additional fire
   damage.
   Dex:       It affects your dexterity (+4).
   rN:        It protects you from negative energy.
 K - the +7 whip "Zyolah" {flame, rF+}
   (You took it off an orc on level 5 of the Dungeon)

   It burns those it strikes, dealing additional fire damage.
   rF:        It protects you from fire.
Missiles
 F - 230 stones (quivered)
Armour
 m - a +0 buckler (worn)
 q - a +0 cloak (worn)
 u - a +0 pair of gloves of dexterity (worn)
 x - a +0 plate armour (worn)
 J - +0 ice dragon scales
Jewellery
 g - a ring of fire
 l - a ring of positive energy
 r - a ring of poison resistance (left hand)
 L - an amulet of faith
Wands
 h - a wand of charming (29)
 i - a wand of iceblast (18)
 k - a wand of polymorph (3)
 o - a wand of acid (10)
 z - a wand of mindburst (15)
 A - a wand of flame (9)
Scrolls
 t - a scroll of teleportation
 y - 4 scrolls of identify
 C - a scroll of amnesia {unknown}
 D - 2 scrolls of enchant armour {unknown}
 G - a scroll of brand weapon {unknown}
 H - a scroll of magic mapping {unknown}
 I - a scroll of fear {unknown}
Potions
 d - 2 potions of might
 e - a potion of heal wounds
 j - a potion of resistance
 n - a potion of ambrosia
 p - 3 potions of brilliance
 s - 2 potions of mutation
 v - a potion of attraction {unknown}
 w - a potion of haste {unknown}
 E - a potion of curing


   Skills:
 + Level 8.0(13.0) Fighting
 + Level 9.3(14.3) Long Blades
 + Level 11.3(16.3) Maces & Flails
 + Level 0.6(5.6) Slings
 + Level 11.3(16.3) Armour
 + Level 2.6(7.6) Dodging
 + Level 1.2(6.2) Stealth
 + Level 7.1(12.1) Shields
 + Level 0.4 Invocations


You had 10 spell levels left.
You didn't know any spells.
Your spell library contained the following spells:

 Spells                   Type           Power      Damage    Failure   Level
 Pain                     Necr           0%         1d4       98%         1
 Passwall                 Tmut/Erth      0%         N/A       99%         2
 Gell's Gravitas          Tloc           0%         N/A       100%        3
 Lesser Beckoning         Tloc           0%         N/A       100%        3
 Stone Arrow              Conj/Erth      0%         3d7       100%        3
 Teleport Other           Tloc           0%         N/A       100%        3
 Excruciating Wounds      Necr           0%         N/A       100%        5
 Lehudib's Crystal Spear  Conj/Erth      0%         10d2      100%        8
 Animate Armour           Summ/Erth      Unusable   N/A       N/A         4
 Simulacrum               Ice/Necr       Unusable   N/A       N/A         6

Dungeon Overview and Level Annotations

Branches:
Dungeon (10/15)            Temple (0/1) D:6            Lair (0/6) D:9
    Orc: D:9-12

Altars:
Hepliaklqana
Makhleb
Nemelex Xobeh
Okawaru
Ru
Trog
Uskayaw
Vehumet
Xom
Yredelemnul
Beogh

Shops:
D:5 (   D:10 (![*

Annotations:
D:10 Snorg


Innate Abilities, Weirdness & Mutations

You have a pair of horns on your head.
You reflexively headbutt those who attack you in melee.


Message History

You whack Snorg!
Snorg is lightly wounded.
Snorg bites you! Snorg claws you but does no damage. Snorg claws you.
You closely miss Snorg. You headbutt Snorg!
Snorg is lightly wounded.
You block Snorg's attack. Snorg barely misses you. Snorg closely misses you.
You closely miss Snorg. Your headbutt misses Snorg.
Snorg is lightly wounded.
You block Snorg's attack. Snorg claws you! Snorg claws you.
You whack Snorg! Lightning courses through Snorg!
Snorg is moderately wounded.
Snorg closely misses you. You block Snorg's attack. Snorg barely misses you.
You closely miss Snorg. You headbutt Snorg!
Snorg is moderately wounded.
You thrash Snorg!!
Snorg is moderately wounded.
Snorg bites you! You block Snorg's attack. Snorg misses you.
You whack Snorg!
Snorg is heavily wounded.
You block Snorg's attack. Snorg claws you but does no damage. Snorg claws you!
You thrash Snorg!! Lightning courses through Snorg!!
Your headbutt misses Snorg.
Snorg is severely wounded.
Snorg bites you!
* * * LOW HITPOINT WARNING * * *
Snorg claws you but does no damage. Snorg claws you!
* * * LOW HITPOINT WARNING * * *
You feel much better. Snorg bites you!
* * * LOW HITPOINT WARNING * * *
You block Snorg's attack. Snorg claws you but does no damage.
Unknown command.
You whack Snorg!
Snorg is severely wounded.
You block Snorg's attack. Snorg claws you!
* * * LOW HITPOINT WARNING * * *
Snorg completely misses you.
You whack Snorg!
Snorg is severely wounded.
Snorg bites you!!
You die...

###..# ###'###
###########'## #......
.............# #.....#
.............# #......
.............# ###......
.............###.+..<...
.............##..#....>.
)............'..##......
.......@.....#####......
#######T###### #......
#.# #...... #.. #######
##( ##. #. #.. .
######'# .. #........
#........


You could see Snorg (berserk).

Vanquished Creatures
  2 two-headed ogres
  A cyclops (D:8)
  The ghost of Revguard the Chopper, a novice HOFi (D:5)
  4 centaur zombies
  3 kobold demonologists (D:10)
  A polar bear (D:9)
  Prince Ribbit (D:9)
  A wyvern (D:10)
  2 yaks (D:9)
  Eustachio (D:6)
  3 wargs
  A steam dragon (D:10)
  2 water moccasins (D:8)
  3 ice beasts
  4 orc warriors
  A centaur (D:9)
  3 wolves (D:9)
  2 ogres
  5 kobold brigands
  4 bullfrogs
  4 scorpions
  A wyvern skeleton (D:6)
  A water moccasin skeleton (D:5)
  7 wights
  An electric eel (D:9)
  2 bullfrog zombies (D:6)
  4 jellies
  3 bullfrog skeletons
  2 gnoll shamans
  8 orc priests
  A hound (D:6)
  4 iguanas
  6 orc wizards
  2 centaur simulacra (D:9)
  A hound skeleton (D:4)
  A howler monkey zombie (D:7)
  6 adders
  9 gnolls
  A howler monkey skeleton (D:7)
  A white imp (D:9)
  An ufetubus (D:5)
  2 worms (D:2)
  2 dart slugs
  40 orcs
  5 bats
  4 endoplasms
  4 giant cockroaches
  3 goblins
  6 hobgoblins
  3 jackals (D:3)
  14 kobolds
  3 quokkas
  7 ball pythons
  5 frilled lizards
  4 rats
213 creatures vanquished.

Vanquished Creatures (others)
  A plant (D:5)
1 creature vanquished.

Grand Total: 214 creatures vanquished

Notes
Turn   | Place    | Note
-------+----------+-------------------------------------------
     0 | D:1      | Peloso the Minotaur Fighter began the quest for the Orb.
     0 | D:1      | Reached XP level 1. HP: 19/19 MP: 0/0
   301 | D:1      | Reached XP level 2. HP: 26/27 MP: 1/1
   343 | D:1      | Found a faded altar of an unknown god.
   926 | D:2      | Reached XP level 3. HP: 33/33 MP: 2/2
  1422 | D:2      | Reached XP level 4. HP: 36/40 MP: 3/3
  2178 | D:3      | Identified the +10 whip of Qoamo {elec, Fly rElec Str+4}
  2202 | D:3      | Got the Collected Works on Twisted Transmutation
  2628 | D:4      | Reached XP level 5. HP: 18/47 MP: 4/4
  2911 | D:4      | Reached skill level 1 in Maces & Flails
  2930 | D:4      | Reached skill level 5 in Armour
  3005 | D:4      | Reached XP level 6. HP: 44/53 MP: 5/5
  3302 | D:4      | Reached skill level 1 in Dodging
  3337 | D:4      | Noticed an ice beast
  3338 | D:4      | Killed an ice beast
  3416 | D:4      | Reached skill level 5 in Long Blades
  3648 | D:5      | Entered Level 5 of the Dungeon
  3655 | D:5      | Reached skill level 5 in Fighting
  3655 | D:5      | Reached XP level 7. HP: 61/61 MP: 6/6
  3710 | D:5      | Noticed a two-headed ogre
  3717 | D:5      | Killed a two-headed ogre
  3718 | D:5      | Reached skill level 5 in Maces & Flails
  3718 | D:5      | Reached XP level 8. HP: 31/69 MP: 7/7
  4037 | D:5      | Found an iron altar of Okawaru.
  4041 | D:5      | Became a worshipper of Warmaster Okawaru
  4052 | D:5      | Found a burning altar of Makhleb.
  4063 | D:5      | Found a basalt altar of Yredelemnul.
  4070 | D:5      | Found a hide-covered altar of Uskayaw.
  4191 | D:5      | Found a runed translucent gate.
  4192 | D:5      | Found a runed translucent gate.
  4193 | D:5      | Found a runed translucent gate.
  4193 | D:5      | Noticed Revguard's ghost (novice HOFi)
  4193 | D:5      | Identified the +7 whip "Zyolah" {flame, rF+}
  4193 | D:5      | Identified the +6 leather armour "Sital" {Contam rC++
                  | Regen+}
  4332 | D:5      | Found Tayseu's Hydra Hut.
  4333 | D:5      | Noticed a five-headed hydra
  4481 | D:6      | Found a radiant altar of Vehumet.
  4527 | D:6      | Found a staircase to the Ecumenical Temple.
  4582 | D:6      | Reached skill level 5 in Shields
  4687 | D:6      | Found a shimmering altar of Xom.
  4884 | D:6      | Noticed Eustachio
  4896 | D:6      | Killed Eustachio
  4896 | D:6      | Reached * piety under Okawaru
  4897 | D:6      | Reached skill level 1 in Stealth
  4998 | D:6      | Reached ** piety under Okawaru
  4999 | D:6      | Reached XP level 9. HP: 63/78 MP: 8/8
  5010 | D:6      | Identified the +9 hunting sling of Pinisaim {flame, rN+
                  | Dex+4}
  6788 | D:8      | Noticed a two-headed ogre
  6796 | D:8      | Killed a two-headed ogre
  6797 | D:8      | Reached skill level 10 in Maces & Flails
  7300 | D:8      | Found a sparkling altar of Nemelex Xobeh.
  7309 | D:8      | Reached *** piety under Okawaru
  7314 | D:8      | Reached XP level 10. HP: 64/82 MP: 9/9
  7504 | D:8      | Found a sacrificial altar of Ru.
  7559 | D:8      | Found a hazy altar of Hepliaklqana.
  7608 | D:8      | Noticed a cyclops
  7619 | D:8      | Killed a cyclops
  7620 | D:8      | Reached skill level 10 in Armour
  8576 | D:9      | Noticed Prince Ribbit
  8861 | D:9      | Killed Prince Ribbit
  8907 | D:9      | Reached **** piety under Okawaru
  8967 | D:9      | Found a staircase to the Lair.
  9619 | D:10     | Entered Level 10 of the Dungeon
  9619 | D:10     | Found Otoycop's Antique Weapon Emporium.
  9630 | D:10     | Found Maoplaot's Antique Armour Emporium.
  9757 | D:10     | Noticed Snorg
 10342 | D:5      | Bought a +1 long sword of flaming for 186 gold pieces
 10433 | D:5      | Killed Revguard's ghost
 10931 | D:10     | Found Dismy's Distillery.
 10940 | D:10     | Bought a potion of heal wounds for 70 gold pieces
 10998 | D:10     | Noticed a smoke demon
 11018 | D:10     | Reached XP level 11. HP: 80/94 MP: 8/10
 11028 | D:10     | Noticed a soul eater
 11065 | D:10     | Found Eraozupt's General Store.
 11179 | D:10     | Found a bloodstained altar of Trog.
 11314 | D:10     | Mangled by Snorg

Illustrated notes

Levels and vault maps discovered:
D:1:      dpeg_arrival_simpleton_c, layout_loops_cross,
          dreamdust_ecumenical_altar_hidden_monk_grotto, kennysheep_crisscross
D:2:      layout_basic
D:3:      layout_basic
D:4:      layout_basic
D:5:      layout_basic, grunt_temple_overflow_cloverleaf,
          biasface_ghost_orc_armoury, minmay_fountain_box,
          doesnt_shop_hydraphobe
D:6:      layout_basic, nicolae_overflow_hidden_temple,
          mainiacjoe_overflow_paths, mainiacjoe_overflow_concentric_impassable,
          minmay_temple_entry_statues, uniq_eustachio
D:7:      layout_basic, serial_rivers, chequers_serial_rivers_small_a,
          chequers_serial_rivers_room_b, chequers_serial_rivers_room_a,
          chequers_serial_rivers_micro_a, chequers_serial_rivers_micro_b,
          chequers_serial_rivers_small_a
D:8:      layout_gridville, mainiacjoe_overflow_alcove_2, old_standard_altar,
          nemelex_xobeh_ov_fountains_minmay, kennysheep_generic_room_3
D:9:      layout_roguey, erik_lair_orcish_takeover, serial_ice, serial_ice_m,
          serial_ice_a, serial_ice_k, serial_ice_g, chequers_arboretum,
          nicolae_fountain_basement, uniq_prince_ribbit1
D:10:     layout_roguey, general_overflow_altar, serial_shops,
          nicolae_shop_waterfront, nicolae_shop_stone, nicolae_square_shop,
          nicolae_diamond_shop, uniq_snorg

Skill      XL: |  1  2  3  4  5  6  7  8  9 10 11 |
---------------+----------------------------------+-----
Fighting       | 4 5 6 7 8 |  8.0
Armour         | 4 5 7 8 9 11 | 11.3
Shields        | 4 5 6 7 |  7.1
Long Blades    | 3 4 5 9 |  9.3
Maces & Flails | 1 3 5 8 10 11 | 11.3
Dodging        | 1 2 |  2.6
Stealth        | 1 |  1.2
Slings         | |  0.6
Invocations    | |  0.4

Action                   |  1- 3 |  4- 6 |  7- 9 | 10-12 || total
-------------------------+-------+-------+-------+-------++-------
Melee: Long sword        |    67 |    39 |       |   145 ||   251
       Headbutt          |     7 |     9 |    32 |    48 ||    96
       Whip              |       |    47 |   187 |    72 ||   306
 Fire: Hunting sling     |       |       |       |    10 ||    10
Invok: Heroism           |       |       |       |     7 ||     7
  Use: Scroll            |       |     4 |       |     7 ||    11
       Potion            |       |     3 |       |     2 ||     5
Armor: Scale mail        |    27 |    20 |       |       ||    47
       Chain mail        |       |    21 |     6 |       ||    27
       Plate armour      |       |       |    71 |   124 ||   195
Dodge: Dodged            |    23 |    37 |    48 |    82 ||   190
Block: Buckler           |    14 |    19 |    33 |    71 ||   137
